AoeStats
← j0w1_69

Arabia

510579024Analyzed
3v3 RM · 19h ago on Oct 1, 2026· 52m 38s· 6 players
Game mode
Random Map
Map size
Normal (6 player)
Population
200
Speed
Normal
Resources
Standard
Victory
Conquest
Starting age
Dark Age
Ending age
Imperial Age
RankedLock teamsTeams togetherTeam positionsShared explorationLock speedFull tech treeHidden civsTurbo modeCheats
Victory
Defeat
🇪🇸 Huns · Spain
747
+15
🇪🇸 Gurjaras · Spain
667
+18
🇪🇸 Tatars · Spain
652
+19
🇹🇷 Huns · Türkiye
746
-19
🇨🇳 Armenians · China
710
-17
🇮🇹 Hindustanis · Italy
694
-16
Valar Dohaeris
8:39 Loom
11:14 Feudal Age
13:07 Horse Collar
13:15 Double-Bit Axe
23:01 Castle Age
23:10 Fletching
23:21 Padded Archer Armor
24:12 Bloodlines
25:01 Pikeman
27:33 Husbandry
29:32 Wheelbarrow
29:42 Wheelbarrow
29:59 Town Watch
30:48 Gold Mining
31:26 Ballistics
33:01 Bodkin Arrow
33:33 Heavy Plow
34:42 Scale Barding Armor
34:47 Forging
35:10 Bow Saw
37:35 Stone Mining
38:24 Gold Shaft Mining
38:28 Iron Casting
39:33 Hand Cart
40:19 Murder Holes
41:54 Squires
42:31 Thumb Ring
42:38 Scale Mail Armor
42:54 Leather Archer Armor
43:17 Chain Barding Armor
47:24 Imperial Age
山海
13:35 Feudal Age
14:21 Double-Bit Axe
15:12 Gold Mining
16:55 Padded Archer Armor
19:19 Stone Mining
25:15 Castle Age
23:24 Pikeman
24:48 Forging
24:45 Scale Mail Armor
24:39 Fletching
26:51 Wheelbarrow
26:22 Squires
26:07 Arson
26:08 Gambesons
29:31 Halberdier
37:02 Hand Cart
37:11 Hand Cart
37:14 Bow Saw
37:14 Bodkin Arrow
37:35 Leather Archer Armor
37:57 Iron Casting
37:39 Chain Mail Armor
38:54 Loom
44:49 Imperial Age
44:33 Treadmill Crane
45:18 Elite Composite Bowman
47:44 Hoardings
50:18 Blast Furnace
49:18 Bracer
49:48 Ring Archer Armor
Asdizio
0:39 Loom
13:28 Feudal Age
14:04 Horse Collar
14:14 Double-Bit Axe
22:49 Scale Mail Armor
22:59 Forging
26:59 Castle Age
28:02 Husbandry
28:34 Squires
29:39 Wheelbarrow
31:04 Scale Barding Armor
32:09 Gold Mining
32:12 Town Watch
34:17 Iron Casting
33:39 Fishing Lines
36:00 Chain Barding Armor
37:47 Bloodlines
j0w1_69
8:09 Loom
11:56 Feudal Age
13:28 Wheelbarrow
13:02 Horse Collar
13:09 Double-Bit Axe
16:33 Bloodlines
19:10 Scale Barding Armor
19:58 Forging
21:37 Town Watch
25:29 Castle Age
26:23 Husbandry
28:14 Hand Cart
28:38 Bow Saw
30:41 Heavy Plow
30:21 Pikeman
30:47 Arson
34:59 Fletching
35:09 Padded Archer Armor
37:58 Silk Armor
38:23 Chain Barding Armor
38:18 Leather Archer Armor
39:59 Bodkin Arrow
46:10 Imperial Age
44:42 Ballistics
45:09 Gold Mining
46:17 Elite Steppe Lancer
47:26 Heavy Cavalry Archer
48:10 Bracer
51:17 Chemistry
49:46 Capped Ram
51:51 Caravan
52:03 Capped Ram
aleixmn8.s
0:27 Loom
11:28 Feudal Age
12:15 Double-Bit Axe
12:13 Horse Collar
16:38 Forging
18:49 Bloodlines
21:48 Wheelbarrow
21:59 Scale Barding Armor
25:09 Castle Age
26:43 Light Cavalry
27:26 Husbandry
28:04 Iron Casting
30:08 Chain Barding Armor
33:53 Heavy Plow
34:05 Bow Saw
34:30 Kshatriyas
35:02 Hand Cart
38:02 Town Watch
41:42 Imperial Age
42:07 Ballistics
42:40 Fortified Wall
42:41 Masonry
42:42 Heavy Camel Rider
44:02 Plate Barding Armor
42:53 Elite Chakram Thrower
48:17 Frontier Guards
48:48 Conscription
48:20 Arson
49:34 Elite Shrivamsha Rider
51:45 Chemistry
51:16 Architecture
50:28 Treadmill Crane
52:16 Elite Elephant Archer
52:18 Crossbowman
53:07 Thumb Ring
52:57 Fletching
53:07 Padded Archer Armor
jcasals10
4:54 Loom
12:15 Feudal Age
13:13 Horse Collar
14:17 Wheelbarrow
13:36 Double-Bit Axe
16:02 Town Watch
16:20 Gold Mining
22:13 Bloodlines
26:42 Castle Age
25:44 Scale Barding Armor
25:52 Forging
27:36 Light Cavalry
28:17 Husbandry
31:04 Heavy Plow
31:17 Bow Saw
31:17 Caravan
31:37 Pikeman
32:34 Scale Mail Armor
32:56 Chain Barding Armor
33:13 Iron Casting
34:17 Chain Mail Armor
36:23 Squires
37:27 Stone Mining
38:15 Gold Shaft Mining
38:15 Hand Cart
40:34 Imperial Age
39:26 Masonry
39:12 Murder Holes
41:20 Ballistics
41:53 Plate Barding Armor
43:39 Blast Furnace
42:01 Halberdier
45:43 Two-Man Saw
47:18 Elite Tarkan
48:26 Marauders
Connection lost

Rejoining the realm…

Still unreachable

The connection could not be restored.

Session expired

The server has moved on; the page needs a fresh start.